 Dungeon Crawl Stone Soup version 0.28.0 (webtiles) character file.

Game seed: 17930092750598572569

94031 browni3141 the Warrior (level 15, -20/152 HPs)
             Began as a Minotaur Berserker on Feb 17, 2022.
             Was a High Priest of Trog.
             Demolished by an enormous slime creature (67 damage)
             ... on level 15 of the Dungeon.
             The game lasted 00:20:43 (27164 turns).

browni3141 the Warrior (Minotaur Berserker)        Turns: 27164, Time: 00:20:43

Health: -20/152    AC: 32    Str: 27    XL:     15   Next: 62%
Magic:  5/5        EV: 10    Int:  4    God:    Trog [*****.]
Gold:   2172       SH:  0    Dex: 12    Spells: 14/14 levels left

rFire   + + .      SeeInvis .   f - +9 broad axe (flame)
rCold   . . .      Faith    .   (no shield)
rNeg    + . .      Spirit   .   N - +2 chain mail {rF+}
rPois   +          Reflect  .   l - +1 hat
rElec   .          Harm     .   r - +2 cloak
rCorr   +          Rampage  +   j - +1 Delatra's gloves {ID++}
Will    +++++      Clarity  +   d - +2 pair of boots of the Orb Guardian {Rampage +Blink Fly Int-4}
Stlth   ..........              W - amulet of the Four Winds {rN+ Will+++ Clar}
HPRegen 1.35/turn               o - ring "Jenyovvi" {Wiz rPois rF+ rCorr MP-9 Int+4}
MPRegen 0.09/turn               O - +4 ring of protection

@: strong-willed, on berserk cooldown, flying, regenerating, slowed, very slow
A: horns 2, retaliatory headbutt
a: Renounce Religion, Evoke Blink, Berserk, Trog's Hand, Brothers in Arms


You were on level 15 of the Dungeon.
You worshipped Trog.
Trog was extremely pleased with you.
You visited 3 branches of the dungeon, and saw 23 of its levels.
You also visited: Bailey and Volcano.

You collected 2555 gold pieces.
You spent 383 gold pieces at shops.


Innate Abilities, Weirdness & Mutations

You have a pair of horns on your head.
You reflexively headbutt those who attack you in melee.


   Skills:
 + Level 19.1 Fighting
 - Level 18.0 Axes
 + Level 18.9 Armour
 - Level 2.1 Dodging
 - Level 8.0 Evocations


You had 14 spell levels left.
You didn't know any spells.
Your spell library was empty.

Inventory:

Hand Weapons
 f - a +9 broad axe of flaming (weapon)
 E - a +6 antimagic broad axe
Missiles
 K - 10 curare-tipped darts (quivered) {@f4}
Armour
 d - the +2 pair of boots of the Orb Guardian (worn) {Rampage +Blink Fly Int-4}
   (You found it on level 13 of the Dungeon)

   Int:       It affects your intelligence (-4).
   Fly:       It grants you flight.
   +Blink:    It lets you blink.
   Rampage:   It bestows one free step when moving towards enemies.
 j - the +1 Delatra's gloves (worn) {ID++}
   (You found it on level 3 of the Dungeon)

   It heals its wearer when they drink unknown potions.
   It restores its wearer's MP when they read unknown scrolls.
 l - a +1 hat (worn)
 r - a +2 cloak (worn)
 N - a +2 chain mail of fire resistance (worn)
Jewellery
 c - the ring of Dezxig {*Corrode rC+ Int+6 Stlth+}
   (You found it on level 14 of the Dungeon)

   [ring of intelligence]

   Int:       It affects your intelligence (+6).
   rC:        It protects you from cold.
   *Corrode:  It may corrode you when you take damage.
   Stlth:     It makes you more stealthy.
 o - the ring "Jenyovvi" (left hand) {Wiz rPois rF+ rCorr MP-9 Int+4}
   (You found it on level 4 of the Dungeon)

   [ring of wizardry]

   It improves your spell success rate.
   Int:       It affects your intelligence (+4).
   rF:        It protects you from fire.
   rPois:     It protects you from poison.
   MP:        It affects your magic capacity (-9).
   rCorr:     It protects you from acid and corrosion.
 C - a ring of ice
 F - a ring of protection from fire
 L - a ring of flight
 O - a +4 ring of protection (right hand)
 P - a ring of poison resistance {@f3}
 R - a ring of resist corrosion
 W - the amulet of the Four Winds (around neck) {rN+ Will+++ Clar}
   (You found it on level 2 of the Lair of Beasts)

   [amulet of nothing]

   rN:        It protects you from negative energy.
   Clar:      It protects you against confusion.
   Will:      It greatly increases your willpower.
 X - a +6 ring of dexterity
Wands
 k - a wand of digging (7)
 p - a wand of iceblast (15)
 t - a wand of flame (72)
 H - a wand of polymorph (5)
Scrolls
 e - 7 scrolls of teleportation {@r4}
 h - a scroll of vulnerability {!r}
 n - 4 scrolls of torment {!r}
 s - 6 scrolls of fear
 x - a scroll of blinking {@r3}
 y - 2 scrolls of brand weapon
 D - a scroll of enchant armour
 J - 5 scrolls of immolation {!r}
 M - 3 scrolls of fog {@r5}
 Q - a scroll of silence {!r}
 S - 3 scrolls of noise {!r}
 Z - 2 scrolls of magic mapping
Potions
 a - 2 potions of magic {unknown}
 b - a potion of haste {unknown}
 g - 5 potions of mutation {unknown}
 i - 12 potions of curing {@q1}
 q - 8 potions of might {unknown}
 u - 5 potions of degeneration {unknown}
 v - 5 potions of heal wounds {unknown}
 w - 2 potions of flight
 z - 2 potions of ambrosia {unknown}
 A - 4 potions of resistance
 B - 2 potions of lignification {unknown}
 I - a potion of brilliance {unknown}
 T - 5 potions of cancellation {unknown}
 U - 2 potions of attraction {unknown}
 V - 5 potions of invisibility {unknown}
 Y - 2 potions of berserk rage {unknown}
Miscellaneous
 m - a box of beasts
 G - a condenser vane

Dungeon Overview and Level Annotations

Branches:
Dungeon (14/15)            Temple (0/1) D:6            Lair (6/6) D:9
 Shoals (0/4) Lair:4        Snake (0/4) Lair:3        Slime (0/5) Lair:5
    Orc (2/2) D:9             Elf (0/3) Orc:2        Vaults (0/5) D:13
 Bailey (visited)         Volcano (visited)

Altars:
Fedhas
Kikubaaqudgha
Makhleb
Okawaru
Qazlal
Ru
Uskayaw
Vehumet
Wu Jian
Xom
Yredelemnul

Shops:
D:2 !   D:13 [   Orc:2 :(*[

Annotations:
Lair:2 exclusion: downstairs
Lair:5 exclusion: ice statue #......... #......... ##....P.PP #...PPPPP

#...PPPP.
#.O.PPP.?
#Z.......
#JQ......
#@.......
#########


You could see an enormous slime creature, a tengu warrior (ally target), a
centaur warrior simulacrum and a friendly ogre (summoned, berserk).


Message History

The tengu warrior claws you but does no damage.
The tengu warrior blocks your attack.
You headbutt the tengu warrior.
The tengu warrior is almost dead.
You barely miss the very large slime creature.
You slash the tengu conjurer! You burn the tengu conjurer.
You kill the tengu conjurer!
Trog accepts your kill.
Trog appreciates your killing of a magic user.
The tengu warrior closely misses you. The tengu warrior barely misses you.
The tengu warrior claws you but does no damage.
Two slime creatures merge to form an enormous slime creature.
Your ogre goes berserk!
The tengu warrior barely misses you.
The tengu warrior hits your ogre with a +1 war axe!
The tengu warrior pecks you but does no damage.
The tengu warrior closely misses you. The enormous slime creature hits you!!!
* * * LOW HITPOINT WARNING * * *
The tengu warrior hits you but does no damage.
The tengu warrior hits your ogre with a +1 war axe!
The tengu warrior closely misses you.
The tengu warrior completely misses you.
You are too injured to fight recklessly!
You are too injured to fight recklessly!
You are too injured to fight recklessly!
Your ogre closely misses the tengu warrior.
The tengu warrior hits you but does no damage.
The tengu warrior completely misses you.
The tengu warrior claws you but does no damage.
The enormous slime creature hits you!!!
You die...

Skill      XL: |  1  2  3  4  5  6  7  8  9 10 11 12 13 14 15 |
---------------+----------------------------------------------+-----
Axes           | 4 5 6 7 8 10 12 14 16 18 | 18.0
Fighting       | 4 5 6 8 9 10 12 13 15 17 19 | 19.1
Armour         | 3 4 5 6 7 9 10 12 13 15 17 18 | 18.9
Evocations     | 3 7 8 |  8.0
Dodging        | |  2.1

Action                   |  1- 3 |  4- 6 |  7- 9 | 10-12 | 13-15 || total
-------------------------+-------+-------+-------+-------+-------++-------
Melee: Hand axe          |    66 |    88 |   184 |       |       ||   338
       Headbutt          |     5 |    12 |    51 |    83 |   176 ||   327
       Punch             |       |       |     3 |     3 |    10 ||    16
       War axe           |       |       |    64 |    15 |       ||    79
       Broad axe         |       |       |       |   453 |   753 ||  1206
Throw: Throwing net      |       |       |       |     1 |       ||     1
Invok: Berserk           |     1 |     3 |    10 |     9 |    11 ||    34
       Trog's Hand       |       |     1 |     1 |     2 |     3 ||     7
       Brothers in Arms  |       |       |       |     1 |     2 ||     3
  Use: Scroll            |       |       |       |    18 |     7 ||    25
 Stab: Held in net/web   |       |       |       |     1 |       ||     1
Armor: Animal skin       |     3 |       |       |       |       ||     3
       Scale mail        |    17 |       |       |       |       ||    17
       Ring mail         |     7 |    56 |    66 |       |       ||   129
       Chain mail        |       |       |    20 |   249 |   470 ||   739
Dodge: Dodged            |    47 |    58 |   176 |   230 |   353 ||   864

Levels and vault maps discovered:
D:1:      dpeg_arrival_long_road, layout_basic, ebering_dispersal_statue_hall,
          minmay_split_cup_small
D:2:      layout_loops_ring, basic_altar, serial_shops, shop,
          shapermc_ecumenical_altar_ellora, minmay_shallow_snake_nest
D:3:      layout_rooms, kiku_gazebo_garden_becter, pf_guarded_unrand_delatra,
          uniq_grinder
D:4:      layout_loops_ring, amcnicky_mini_pool_small
D:5:      layout_basic, minmay_mini_ossuary
D:6:      layout_cave_pools, mainiacjoe_overflow_24_doors,
          grunt_temple_overflow_open, minmay_temple_entry_slanted,
          minmay_checkerbox
D:7:      layout_layer_cave, enter_bailey_6, grunt_ministairs_1
D:8:      layout_basic, fedhas_altar_1, hellmonk_ghost_happy_afterlife,
          nicolae_concentric_dashed_squares_mild, grunt_decor_cap, minmay_puff,
          uniq_pikel
D:9:      layout_basic, nicolae_overflow_crystal_walls,
          mainiacjoe_overflow_alcove_2, mainiacjoe_overflow_alcove_4,
          lair_entry_dummy, erik_orc_4
D:10:     layout_loops_ring, ebering_ghost_disaster_area,
          kennysheep_generic_room_7, uniq_gastronok
D:11:     layout_basic
D:12:     layout_loops_ring
D:13:     layout_long_grid, david_vaults_1, serial_shops, shop
D:14:     minmay_the_grid_net [minmay_the_grid_square_x,
          minmay_the_grid_tri_star, minmay_the_grid_gridbox,
          minmay_the_grid_eight, minmay_the_grid_odd_star,
          minmay_the_grid_prize_four_corners], layout_stronghold
D:15:     hangedman_depths_entry_civil_slaughter, layout_basic,
          serial_park_paths [serial_park_minivault_5x5_8], grunt_ministairs_10
Lair:1:   layout_regular_city, nicolae_volcano_entry_batcave
Lair:2:   gammafunk_worm_tunnel, layout_gridlike,
          nicolae_lair_grove_arrangements, grunt_megastairs_3,
          serial_bayou_shore_b, serial_bayou_shore_b
Lair:3:   layout_roguey, minmay_snake_entry_guardpost_small, basic_altar
Lair:4:   onia_ninara_swampy_vault, layout_long_grid, elwin_shoals_entry_rooms,
          minmay_hedge_maze
Lair:5:   dreamdust_isle_of_ice, layout_gridlike,
          nicolae_slime_entry_slimehenge, serial_bayou_shore_b
Lair:6:   hangedman_lair_caniforms_friends, layout_layer_cave,
          nzn_masters_of_martial_movement
Orc:1:    lemuel_ogre_cave, layout_diamond_mine, hangedman_minor_magic
Orc:2:    grunt_orc_gardens, layout_diamond_mine, grunt_orc_garden,
          grunt_orc_garden, grunt_orc_garden, grunt_orc_garden,
          gauntlet_entry_generic

Notes
Turn   | Place    | Note
-------+----------+-------------------------------------------
     0 | D:1      | browni3141 the Minotaur Berserker began the quest for the
                  | Orb.
     0 | D:1      | Reached XP level 1. HP: 19/19 MP: 0/0
   216 | D:1      | Reached skill level 4 in Axes
   254 | D:1      | Reached XP level 2. HP: 27/27 MP: 1/1
  1077 | D:2      | Reached skill level 4 in Fighting
  1120 | D:2      | Found a sacrificial altar of Ru.
  1188 | D:2      | Identified the +2 ring mail of Empuen {-Cast rN+ Str+4
                  | Dex+4}
  1240 | D:2      | Reached skill level 3 in Armour
  1240 | D:2      | Reached XP level 3. HP: 23/33 MP: 2/2
  1673 | D:2      | Found Pikysoic's Distillery.
  1679 | D:2      | Bought a potion of curing for 39 gold pieces
  1770 | D:2      | Reached ** piety under Trog
  1772 | D:2      | Reached skill level 5 in Axes
  1773 | D:2      | Reached XP level 4. HP: 40/40 MP: 3/3
  1898 | D:2      | Found a faded altar of an unknown god.
  2387 | D:3      | Noticed Grinder
  2401 | D:3      | Killed Grinder
  2402 | D:3      | Reached skill level 5 in Fighting
  2402 | D:3      | Reached skill level 6 in Axes
  2402 | D:3      | Reached skill level 4 in Armour
  2402 | D:3      | Reached XP level 5. HP: 48/48 MP: 4/4
  2402 | D:3      | Reached XP level 6. HP: 56/56 MP: 5/5
  2565 | D:3      | Found the +1 Delatra's gloves {ID++}
  2807 | D:3      | Found an ancient bone altar of Kikubaaqudgha.
  3093 | D:4      | Reached skill level 7 in Axes
  3128 | D:4      | Reached skill level 5 in Armour
  3128 | D:4      | Reached XP level 7. HP: 27/62 MP: 6/6
  3329 | D:4      | Identified the ring "Jenyovvi" {Wiz rPois rF+ rCorr MP-9
                  | Int+4}
  3352 | D:4      | Identified the +4 quarterstaff "Ivvaradd" {vorpal, rPois
                  | SInv}
  3647 | D:4      | Reached skill level 6 in Fighting
  3932 | D:5      | Entered Level 5 of the Dungeon
  3964 | D:5      | Reached skill level 8 in Axes
  4023 | D:5      | Reached *** piety under Trog
  4353 | D:5      | Reached skill level 6 in Armour
  4353 | D:5      | Reached XP level 8. HP: 71/71 MP: 0/7
  4468 | D:5      | Reached skill level 9 in Axes
  4479 | D:5      | Reached skill level 7 in Fighting
  4910 | D:6      | Reached skill level 10 in Axes
  4913 | D:5      | HP: 7/73 [poisoned by a gnoll]
  4916 | D:5      | HP: 3/73 [poisoned by a gnoll]
  5340 | D:6      | Reached skill level 7 in Armour
  5723 | D:6      | Reached skill level 8 in Fighting
  5723 | D:6      | Reached XP level 9. HP: 81/81 MP: 0/8
  5733 | D:6      | Reached skill level 11 in Axes
  5890 | D:6      | Found a staircase to the Ecumenical Temple.
  5931 | D:6      | Found a sacrificial altar of Ru.
  5995 | D:6      | Found a shimmering altar of Xom.
  5997 | D:6      | Found a basalt altar of Yredelemnul.
  6075 | D:6      | Found a stormy altar of Qazlal.
  6377 | D:7      | Reached skill level 8 in Armour
  6403 | D:7      | Found a flagged portal.
  6429 | Bailey   | Entered a bailey
  6483 | Bailey   | Noticed an orc knight
  6488 | Bailey   | Noticed an orc knight
  6505 | Bailey   | Killed an orc knight
  6506 | Bailey   | Reached skill level 9 in Fighting
  6506 | Bailey   | Reached skill level 12 in Axes
  6644 | Bailey   | Killed an orc knight
  6650 | Bailey   | Reached **** piety under Trog
  6864 | Bailey   | Noticed an orc knight
  6877 | Bailey   | Killed an orc knight
  6878 | Bailey   | Reached skill level 9 in Armour
  6878 | Bailey   | Reached XP level 10. HP: 91/91 MP: 0/9
  7706 | D:7      | Reached skill level 13 in Axes
  8341 | D:8      | Found a blossoming altar of Fedhas.
  8381 | D:8      | Noticed a two-headed ogre
  8391 | D:8      | Killed a two-headed ogre
  8392 | D:8      | Reached skill level 10 in Fighting
  8426 | D:8      | Noticed Pikel
  8440 | D:8      | Killed Pikel
  9023 | D:8      | Found a runed translucent door.
  9023 | D:8      | Noticed aesthetics's ghost (novice MiBe)
  9328 | D:8      | Killed aesthetics's ghost
  9329 | D:8      | Reached skill level 14 in Axes
  9329 | D:8      | Reached skill level 10 in Armour
  9426 | D:9      | Found a staircase to the Orcish Mines.
 10092 | D:9      | Reached XP level 11. HP: 101/101 MP: 1/10
 10104 | D:9      | Reached skill level 11 in Fighting
 10246 | D:9      | Found a staircase to the Lair.
 10283 | D:9      | Found an ornate altar of the Wu Jian Council.
 10442 | D:9      | Found an iron altar of Okawaru.
 10609 | D:9      | Found a radiant altar of Vehumet.
 10845 | Lair:1   | Entered Level 1 of the Lair of Beasts
 10939 | Lair:1   | Reached skill level 15 in Axes
 11164 | Lair:1   | Reached ***** piety under Trog
 11165 | Lair:1   | Reached skill level 11 in Armour
 11200 | Lair:1   | Found a dark tunnel.
 11209 | Volcano  | Entered a volcano
 11588 | Volcano  | Noticed a hell knight
 11688 | Volcano  | Noticed a red ugly thing
 11697 | Volcano  | Noticed a sun demon
 11705 | Volcano  | Killed a hell knight
 11706 | Volcano  | Reached skill level 16 in Axes
 11710 | Volcano  | Killed a sun demon
 11711 | Volcano  | Reached skill level 12 in Fighting
 11736 | Volcano  | Killed a red ugly thing
 11739 | Volcano  | Noticed a red ugly thing
 11741 | Volcano  | Noticed a red ugly thing
 11747 | Volcano  | Killed a red ugly thing
 11755 | Volcano  | Killed a green ugly thing
 11756 | Volcano  | Noticed a red ugly thing
 11757 | Volcano  | Found a bloodstained altar of Trog.
 11768 | Volcano  | Killed a red ugly thing
 12029 | Lair:1   | Reached skill level 12 in Armour
 12040 | Lair:1   | Identified the +6 flail "Atzot" {holy, rElec rN+ Int-4}
 12081 | Lair:1   | Reached XP level 12. HP: 102/113 MP: 2/11
 12714 | Lair:2   | Found a transporter.
 12746 | Lair:2   | Found a transporter.
 12865 | Lair:2   | Found the amulet of the Four Winds {rN+ Will+++ Clar}
 12889 | Lair:2   | Noticed a five-headed hydra
 12897 | Lair:2   | Killed a one-headed hydra
 12898 | Lair:2   | Reached skill level 17 in Axes
 13936 | Lair:3   | Found a staircase to the Snake Pit.
 14221 | Lair:3   | Reached skill level 1 in Evocations
 14482 | Lair:3   | Found a burning altar of Makhleb.
 15027 | Lair:4   | Reached skill level 13 in Fighting
 15027 | Lair:4   | Reached skill level 2 in Evocations
 15035 | Lair:4   | Noticed a six-headed hydra
 15043 | Lair:4   | Killed a two-headed hydra
 15275 | Lair:4   | Noticed an alligator
 15283 | Lair:4   | Killed an alligator
 15286 | Lair:4   | Reached skill level 13 in Armour
 15290 | Lair:4   | Reached skill level 18 in Axes
 15290 | Lair:4   | Reached skill level 3 in Evocations
 15829 | Lair:4   | Received a gift from Trog
 15837 | Lair:4   | Reached XP level 13. HP: 116/122 MP: 3/12
 15839 | Lair:4   | Reached skill level 4 in Evocations
 15866 | Lair:4   | Found a staircase to the Shoals.
 16499 | Lair:5   | Found a staircase to the Slime Pits.
 16502 | Lair:5   | Reached skill level 14 in Fighting
 16974 | Lair:5   | Reached skill level 5 in Evocations
 16977 | Lair:5   | Reached skill level 14 in Armour
 18008 | Lair:6   | Entered Level 6 of the Lair of Beasts
 18019 | Lair:6   | Reached skill level 6 in Evocations
 18035 | Lair:6   | Reached skill level 15 in Fighting
 18438 | Lair:6   | Reached skill level 15 in Armour
 18716 | Lair:6   | Found a hide-covered altar of Uskayaw.
 18718 | Lair:6   | Found an ornate altar of the Wu Jian Council.
 19095 | Lair:6   | Received a gift from Trog
 19145 | Lair:6   | Reached skill level 7 in Evocations
 19328 | Lair:6   | Reached XP level 14. HP: 132/135 MP: 4/13
 20111 | Lair:6   | Reached skill level 16 in Fighting
 20398 | Orc:1    | Entered Level 1 of the Orcish Mines
 20451 | Orc:1    | Reached skill level 8 in Evocations
 20551 | Orc:1    | Reached skill level 16 in Armour
 20618 | Orc:1    | Identified the +4 executioner's axe of Patience {vorpal,
                  | rC- Dex+3 Stlth+} (Trog gifted it to you on level 1 of the
                  | Orcish Mines)
 20618 | Orc:1    | Received a gift from Trog
 21649 | Orc:2    | Entered Level 2 of the Orcish Mines
 21742 | Orc:2    | Noticed an orc warlord
 21744 | Orc:2    | Found Qealuro's General Store.
 21752 | Orc:2    | Killed an orc warlord
 21769 | Orc:2    | HP: 8/138 [orc warrior (14)]
 21770 | Orc:2    | Received a gift from Trog
 21773 | Orc:2    | Reached skill level 17 in Fighting
 22265 | Orc:2    | Reached skill level 17 in Armour
 22488 | Orc:2    | Bought a potion of resistance for 130 gold pieces
 22488 | Orc:2    | Bought a +2 cloak for 214 gold pieces
 22507 | Orc:2    | Found a staircase to the Elven Halls.
 22527 | Orc:2    | Found Zinee's Antique Weapon Emporium.
 22744 | Orc:2    | Found Puapifih's Book Boutique.
 23225 | Orc:2    | Found Riqobarr's Antique Armour Shop.
 23676 | D:10     | Entered Level 10 of the Dungeon
 23768 | D:10     | Noticed Gastronok
 23776 | D:10     | Killed Gastronok
 23903 | D:10     | Found a large runed translucent door.
 23904 | D:10     | Found a large runed translucent door.
 23933 | D:10     | Noticed ChongLi's ghost (novice DsNe)
 24153 | D:10     | Reached XP level 15. HP: 148/148 MP: 5/14
 24300 | D:10     | Killed ChongLi's ghost
 24665 | D:11     | Received a gift from Trog
 25283 | D:12     | Reached skill level 18 in Fighting
 25851 | D:13     | Reached skill level 18 in Armour
 26299 | D:13     | Identified the +2 pair of boots of the Orb Guardian
                  | {Rampage +Blink Fly Int-4}
 26337 | D:13     | Identified the +4 ring mail of Death Resistance {Rampage
                  | rN+}
 26611 | D:13     | Found Hezaps's Armour Emporium.
 26760 | D:13     | Found a gate to the Vaults.
 26796 | D:14     | Noticed a deep elf sorcerer
 26797 | D:14     | Noticed a lich
 26802 | D:14     | Killed a deep elf sorcerer
 26806 | D:14     | Killed a lich
 26811 | D:14     | Identified the ring of Dezxig {*Corrode rC+ Int+6 Stlth+}
 27129 | D:14     | Reached skill level 19 in Fighting
 27129 | D:14     | Noticed a tengu reaver
 27142 | D:14     | You are sucked into a shaft and drop 1 floor!
 27142 | D:15     | Entered Level 15 of the Dungeon
 27164 | D:15     | Demolished by an enormous slime creature

Vanquished Creatures
  A lich (D:14)
  Gastronok (D:10)
  A deep elf sorcerer (D:14)
  An orc warlord (Orc:2)
  A deep elf annihilator (D:14)
  8 hydras
  6 boulder beetles
  A catoblepas (D:14)
  An ice dragon (Lair:5)
  2 ogre magi
  A centaur warrior (D:14)
  10 two-headed ogres
  An alligator (Lair:4)
  The ghost of aesthetics the Carver, a novice MiBe of Trog (D:8)
  5 death yaks
  A hell knight (Volcano)
  A sun demon (Volcano)
  The ghost of ChongLi the Black Sun, a novice DsNe of Kikubaaqudgha (D:10)
  5 skeletal warriors (D:14)
  A deep troll (D:14)
  3 swamp dragons (Lair:4)
  A wizard (D:13)
  Pikel (D:8)
  A lindwurm (Lair:5)
  2 deep elf zephyrmancers (Orc:1)
  5 ugly things
  9 orc knights
  A deep elf pyromancer (D:13)
  3 orc sorcerers (Orc:2)
  2 cyclopes (D:14)
  3 manticores
  11 elephants
  2 merfolk sirens (Lair:4)
  2 torpor snails
  3 black mambas
  A molten gargoyle (Volcano)
  A gargoyle (D:12)
  10 cane toads
  A cane toad (shapeshifter) (D:14)
  A kobold demonologist (D:12)
  8 komodo dragons
  3 rime drakes (Lair:5)
  An ice devil (Lair:5)
  A red devil (Volcano)
  A merfolk (Lair:4)
  A tengu conjurer (D:15)
  15 polar bears
  8 trolls
  2 raiju (Lair:6)
  Grinder (D:3)
  A slime creature (D:15)
  13 blink frogs
  3 dream sheep (Lair:4)
  A centaur simulacrum (D:14)
  A meliai zombie (D:10)
  A wyvern (D:11)
  30 yaks
  6 wraiths
  9 fire bats
  3 basilisks
  A death yak simulacrum (Lair:5)
  2 steam dragons
  A redback (shapeshifter) (D:14)
  12 wargs
  5 swamp worms (Lair:4)
  4 nagas (Lair:3)
  3 vampire mosquitoes (D:13)
  9 water moccasins
  2 acid dragons
  13 hell hounds (Lair:6)
  A hornet zombie (D:6)
  3 swamp drakes
  4 ice beasts
  34 orc warriors
  A sky beast (D:7)
  A necrophage (D:6)
  14 black bears
  20 ogres
  29 wolves
  5 centaurs
  A lemure (D:8)
  2 phantoms (D:5)
  2 kobold brigands
  6 bullfrogs
  2 gnoll sergeants
  2 scorpions
  A cane toad simulacrum (Lair:5)
  A water moccasin zombie (D:6)
  A wyvern skeleton (D:7)
  An elephant simulacrum (Lair:5)
  An electric eel (Lair:4)
  3 howler monkeys (D:7)
  A crimson imp (Orc:1)
  A bullfrog zombie (D:6)
  7 lava snakes (Volcano)
  4 centaur zombies
  An iron imp (Orc:1)
  A gnoll shaman (D:6)
  3 jellies
  13 orc priests
  4 hounds
  A bullfrog skeleton (D:6)
  A centaur skeleton (D:7)
  34 orc wizards
  9 hell rats
  A polar bear simulacrum (Lair:5)
  2 troll simulacra (Lair:5)
  2 hound skeletons (D:4)
  A mummy (D:5)
  A howler monkey zombie (D:9)
  16 gnolls
  5 adders
  3 shadow imps
  2 white imps
  An ufetubus (D:4)
  An adder skeleton (D:4)
  3 worms
  2 dart slugs
  72 orcs
  8 ball pythons
  7 bats
  5 endoplasms
  3 giant cockroaches
  8 goblins
  6 hobgoblins
  6 quokkas
  4 frilled lizards
  A hobgoblin zombie (D:5)
  20 kobolds
  A kobold zombie (D:5)
  2 orc zombies (D:5)
  11 rats
683 creatures vanquished.

Vanquished Creatures (collateral kills)
  An orc high priest (Orc:2)
  An ugly thing (Volcano)
  A slime creature (D:15)
  2 orc warriors (Orc:2)
5 creatures vanquished.

Vanquished Creatures (others)
  2 briar patches (Lair:2)
  25 fungi
  27 plants
  7 withered plants (D:3)
61 creatures vanquished.

Grand Total: 749 creatures vanquished

Table legend: (Time is in decaauts)
 A = Elapsed time spent in this place.
 B = Non-inter-level travel time spent in this place.
 C = Inter-level travel time spent in this place.
 D = Time resting spent in this place.
 E = Time spent auto-exploring this place.
 F = Levels seen in this place.
 G = Mean time per level.
                   A        B        C        D        E       F      G
               +--------+--------+--------+--------+--------+-----+--------+
         Total |  27143 |  26303 |    840 |   4432 |  17957 |  25 | 1085.7 |
       Dungeon |  13559 |  13125 |    434 |   1851 |   9356 |  15 |  903.9 |
          Lair |   8649 |   8373 |    276 |    695 |   6566 |   6 | 1441.5 |
  Orcish Mines |   3255 |   3125 |    130 |   1329 |   1302 |   2 | 1627.5 |
        Bailey |    893 |    893 |      0 |    305 |    368 |   1 |  893.0 |
       Volcano |    785 |    785 |      0 |    251 |    364 |   1 |  785.0 |
               +--------+--------+--------+--------+--------+-----+--------+

Top non-repeatable levels by time:
  Lair:6: 2051 daAuts
   Orc:1: 2014 daAuts
  Lair:5: 1859 daAuts
  Lair:4: 1636 daAuts
     D:5: 1403 daAuts
     D:9: 1383 daAuts
   Orc:2: 1240 daAuts
     D:7: 1199 daAuts
     D:8: 1192 daAuts
  Lair:3: 1094 daAuts
     D:2: 1091 daAuts
     D:4: 1064 daAuts
  Lair:1: 1036 daAuts
     D:1: 1035 daAuts
  Lair:2: 972 daAuts

Table legend:
 A = Non-vault XP
 B = Vault XP
 C = Vault XP percentage of total XP
 D = Non-vault monster count
 E = Vault monster count
 F = Vault count percentage of total count
                 A         B        C        D         E       F
            +---------+---------+-------+---------+---------+-------
      Total |   68942 |   65389 |  48.7 |     412 |     275 |  40.0
            +---------+---------+-------+---------+---------+-------
        D:1 |      22 |       4 |  15.4 |      13 |       3 |  18.8
        D:2 |      67 |      19 |  22.1 |      17 |       5 |  22.7
        D:3 |      54 |     327 |  85.8 |      21 |       7 |  25.0
        D:4 |     532 |       0 |   0.0 |      23 |       0 |   0.0
        D:5 |     875 |      22 |   2.5 |      16 |       5 |  23.8
        D:6 |    1259 |     360 |  22.2 |      25 |       4 |  13.8
        D:7 |     539 |      89 |  14.2 |      13 |       2 |  13.3
        D:8 |    1426 |    1570 |  52.4 |      13 |       4 |  23.5
        D:9 |    2493 |     491 |  16.5 |      26 |      15 |  36.6
       D:10 |    2348 |    2907 |  55.3 |      11 |       4 |  26.7
       D:11 |    2043 |       0 |   0.0 |       9 |       0 |   0.0
       D:12 |    6322 |       0 |   0.0 |      15 |       0 |   0.0
       D:13 |    5624 |    1622 |  22.4 |      16 |       4 |  20.0
       D:14 |    4722 |    9283 |  66.3 |       8 |      12 |  60.0
       D:15 |     851 |       0 |   0.0 |       3 |       0 |   0.0
     Lair:1 |    3930 |     594 |  13.1 |      14 |       3 |  17.6
     Lair:2 |    2698 |       0 |   0.0 |      14 |       0 |   0.0
     Lair:3 |    1046 |     664 |  38.8 |       9 |       4 |  30.8
     Lair:4 |    6532 |    5282 |  44.7 |      23 |      14 |  37.8
     Lair:5 |    7302 |    5047 |  40.9 |      24 |      23 |  48.9
     Lair:6 |   13312 |   11121 |  45.5 |      32 |      57 |  64.0
      Orc:1 |    2821 |    9118 |  76.4 |      42 |      38 |  47.5
      Orc:2 |    2124 |    8463 |  79.9 |      25 |      27 |  51.9
     Bailey |       0 |    2290 | 100.0 |       0 |      23 | 100.0
    Volcano |       0 |    6116 | 100.0 |       0 |      21 | 100.0
            +---------+---------+-------+---------+---------+-------
